 Dungeon Crawl Stone Soup version 0.27-a0-1497-gf8f22f7954 (webtiles) character file.

Game seed: 17834518367557188623

259 Lekart the Slasher (level 5, -14/47 HPs)
             Began as a Draconian Chaos Knight on July 7, 2021.
             Was a Plaything of Xom.
             Killed from afar by Ijyb (22 damage)
             ... with a bolt of acid
             ... on level 3 of the Dungeon.
             The game lasted 00:04:22 (2599 turns).

Lekart the Slasher (Draconian Chaos Knight)         Turns: 2599, Time: 00:04:23

Health: -14/47     AC:  4    Str: 20 (21) XL:     5   Next: 94%
Magic:  8/8        EV: 12    Int: 12      God:    Xom [*.....]
Gold:   94         SH:  0    Dex: 11      Spells: 8/8 levels left

rFire    . . .     SeeInvis .   a - +0 falchion (chaos)
rCold    . . .     Faith    .   (no shield)
rNeg     . . .     Spirit   .   (armour unavailable)
rPois    .         Reflect  .   h - +2 hat
rElec    .         Harm     .   (no cloak)
rCorr    .         Rampage  .   d - +0 pair of gloves {archery}
Will     .....                  (no boots)
Stlth    +.........             (no amulet)
HPRegen  0.15/turn              g - +6 ring of strength
MPRegen  0.11/turn              (no ring)

@: corroded
A: AC +5, unfitting armour, cold-blooded, high mp 1, MP-powered wands
a: Renounce Religion


You were on level 3 of the Dungeon.
You worshipped Xom.
You were a special plaything of Xom.
You visited 1 branch of the dungeon, and saw 3 of its levels.

You collected 94 gold pieces.

Inventory:

Hand Weapons
 a - a +0 falchion of chaos (weapon)
Armour
 d - a +0 pair of gloves of archery (worn)
 h - a +2 hat (worn)
 l - a +0 pair of boots
Jewellery
 g - a +6 ring of strength (left hand)
Scrolls
 c - a scroll of holy word
Potions
 e - a potion of flight
 j - a potion of berserk rage {unknown}
 k - a potion of might {unknown}


   Skills:
 + Level 4.4 Fighting
 + Level 4.8 Long Blades
 + Level 3.1 Dodging
 * Level 2.1 Spellcasting


You had 8 spell levels left.
You didn't know any spells.
Your spell library contained the following spells:

 Spells                   Type           Power      Damage    Failure   Level
 Sting                    Tmut/Pois      4%         1d3       26%         1
 Petrify                  Tmut/Erth      1%         N/A       95%         4
 Chain Lightning          Conj/Air       0%         2d1       100%        9


Dungeon Overview and Level Annotations

Branches:
Dungeon (3/15)

Altars:

Annotations:
D:3 Grinder, Ijyb


Innate Abilities, Weirdness & Mutations

Your plain brown scales are hard. (AC +5)
You cannot fit into any form of body armour.
You are cold-blooded and may be slowed by cold attacks.
You have an increased reservoir of magic. (+10% MP)
You expend magic power (3 MP) to strengthen your wands.


Message History

You start resting.
A frilled lizard is nearby!
You barely miss the frilled lizard. The frilled lizard barely misses you.
You closely miss the frilled lizard.
The frilled lizard bites you but does no damage.
You hit the frilled lizard.
You kill the frilled lizard!
You start resting. "You have grown too confident for your meagre worth."
You feel weakened.
You start resting.
Xom's power brushes against you for a moment.
Your body is suffused with distortional energy.
You feel frail.
You start waiting.
Done waiting.
You start waiting.
Done waiting.
You start waiting.
Ijyb is nearby!
Ijyb shouts!
You hit Ijyb but do no damage.
Ijyb resists with some effort.
You tail-slap Ijyb, but do no damage.
Ijyb zaps a wand.
The bolt of acid hits you!
A shower of butterflies erupts from you!
The acid corrodes you!
You are splashed with acid!
* * * LOW HITPOINT WARNING * * *
You are too injured to fight recklessly!
You are too injured to fight recklessly!
You are too injured to fight recklessly!
You hit Ijyb.
Ijyb seems to speed up.
You tail-slap Ijyb.
Ijyb is lightly wounded.
Ijyb hits you with a +0 dagger.
* * * LOW HITPOINT WARNING * * *
It was a potion of mutation.
You feel extremely strange.
You feel robust.
You feel more energetic.
You feel your magical essence link to the dungeon's wands.
Ijyb zaps a wand.
The bolt of acid hits you!!
You die...
Xom chortles!

#.l....... .#
#.......h. .#
##...og#### #######.#
#bh..####.. #....#..#
#.2#.# #... #...b#.#
#.##.#...2.
#...b..##...# .#.....
#...g........ .......
#.b.@####........#...
#..bb# #......h..b..
#....# #.......
#....# #........
###### #........#


You could see Ijyb (fast, ally target).

Vanquished Creatures
  A steam dragon (D:2)
  Jessica (D:2)
  Robin (D:2)
  2 adders (D:2)
  4 dart slugs
  An orc (D:3)
  3 ball pythons
  6 endoplasms
  A giant cockroach (D:1)
  10 goblins
  9 hobgoblins
  9 jackals
  3 kobolds
  2 quokkas
  4 bats
  2 frilled lizards
  2 rats (D:1)
61 creatures vanquished.

Vanquished Creatures (others)
  A goblin (D:3)
1 creature vanquished.

Grand Total: 62 creatures vanquished

Notes
Turn   | Place    | Note
-------+----------+-------------------------------------------
     0 | D:1      | Lekart the Draconian Chaos Knight began the quest for the
                  | Orb.
     0 | D:1      | Reached XP level 1. HP: 19/19 MP: 1/1
    94 | D:1      | XOM: silly message
   176 | D:1      | Reached XP level 2. HP: 22/26 MP: 2/2
   361 | D:1      | XOM: noise
   487 | D:1      | Got Aphuluf's Collected Works on the Birds and Shape
                  | Shifting
   538 | D:1      | XOM: silly message
   561 | D:1      | Reached XP level 3. HP: 30/33 MP: 4/4
   842 | D:2      | XOM: noise
   907 | D:2      | Noticed Robin
   907 | D:2      | Noticed Jessica
   920 | D:2      | Reached skill level 1 in Spellcasting
   926 | D:2      | Noticed a steam dragon
   926 | D:2      | a jelly changed into a steam dragon
   926 | D:2      | XOM: polymorph jelly -> steam dragon
   932 | D:2      | Killed Robin
   932 | D:2      | XOM: chaos cloud
   939 | D:2      | Killed Jessica
   940 | D:2      | Reached XP level 4. HP: 15/40 MP: 5/5
   944 | D:2      | HP: 3/60 [frozen[Robin] (4)]
   952 | D:2      | Paralysed by you for 2 turns
   983 | D:2      | Killed a steam dragon
   984 | D:2      | Reached XP level 5. HP: 6/47 MP: 5/7
  1123 | D:1      | XOM: stat loss: -1 Str (14/15)
  1756 | D:2      | XOM: silly message
  2170 | D:3      | Noticed Grinder
  2172 | D:3      | Noticed Grinder
  2172 | D:3      | Grinder changed into Grinder the hellion
  2172 | D:3      | XOM: polymorph Grinder -> Grinder the hellion
  2174 | D:3      | XOM: silly message
  2175 | D:3      | Noticed Ijyb
  2177 | D:3      | HP: 1/47 [Grinder the hellion/damnation (25)]
  2179 | D:3      | XOM: swap monsters
  2276 | D:3      | XOM: stat loss: -1 Str (20/21)
  2389 | D:3      | XOM: give mutation
  2389 | D:3      | Gained mutation: You are frail. (-10% HP) [Xom's mischief]
  2597 | D:3      | XOM: butterfly on damage
  2599 | D:3      | Lost mutation: You are frail. (-10% HP) [potion of
                  | mutation]
  2599 | D:3      | Gained mutation: You have an increased reservoir of magic.
                  | (+10% MP) [potion of mutation]
  2599 | D:3      | Gained mutation: You expend magic power (3 MP) to
                  | strengthen your wands. [potion of mutation]
  2599 | D:3      | Killed from afar by Ijyb

Illustrated notes

Levels and vault maps discovered:
D:1:      dpeg_arrival_leaves_temple_mockup, layout_basic
D:2:      layout_rooms, kennysheep_generic_room_2, uniq_robin, uniq_jessica
D:3:      layout_rooms, ebering_ecumenical_altar_abandoned, uniq_ijyb,
          uniq_grinder

Skill      XL: |  1  2  3  4  5 |
---------------+----------------+-----
Spellcasting   | 1 2 |  2.1
Fighting       | 4 |  4.4
Long Blades    | 4 |  4.8
Dodging        | 3 |  3.1

Action                   |  1- 3 |  4- 6 || total
-------------------------+-------+-------++-------
Melee: Falchion          |    79 |    76 ||   155
       Tailslap          |     9 |     8 ||    17
  Use: Potion            |     1 |     3 ||     4
       Scroll            |       |     6 ||     6
 Stab: Confused          |     1 |       ||     1
       Sleeping          |       |     1 ||     1
Armor: Skin              |    57 |    59 ||   116
Dodge: Dodged            |    61 |    48 ||   109
       Rpst.: Falchion   |    19 |    11 ||    30

Table legend: (Time is in decaauts)
 A = Elapsed time spent in this place.
 B = Non-inter-level travel time spent in this place.
 C = Inter-level travel time spent in this place.
 D = Time resting spent in this place.
 E = Time spent auto-exploring this place.
 F = Levels seen in this place.
 G = Mean time per level.
                   A        B        C        D        E       F      G
               +--------+--------+--------+--------+--------+-----+--------+
         Total |   2605 |   2537 |     68 |    849 |   1262 |   3 |  868.3 |
       Dungeon |   2605 |   2537 |     68 |    849 |   1262 |   3 |  868.3 |
               +--------+--------+--------+--------+--------+-----+--------+

Top non-repeatable levels by time:
     D:1: 1104 daAuts
     D:2: 984 daAuts
     D:3: 515 daAuts
